 Dungeon Crawl Stone Soup version 0.20.0-14-g326068f (webtiles) character file.

4436 wazuzu the Basher (level 10, -5/100 HPs)
             Began as a Troll Monk on June 8, 2017.
             Was a Priest of Dithmenos.
             Slain by a gnoll
             ... wielding a +0 spear
              (10 damage)
             ... on level 8 of the Dungeon.
             The game lasted 00:18:31 (6272 turns).

wazuzu the Basher (Troll Monk)                      Turns: 6272, Time: 00:18:31

Health: -5/100     AC:  6    Str: 21    XL:     10   Next: 14%
Magic:  9/9        EV:  6    Int:  6    God:    Dithmenos [***...]
Gold:   290        SH:  0    Dex: 15    Spells: 9/9 levels left

rFire    . . .     SeeInvis .   C - +3 morningstar
rCold    . . .     Gourm    +   (no shield)
rNeg     . . .     Faith    .   b - +1 robe
rPois    +         Spirit   .   (helmet restricted)
rElec    .         Reflect  .   (no cloak)
rCorr    .         Harm     .   (gloves unavailable)
MR       +....                  (boots unavailable)
Stlth    ++........             (no amulet)
Regen    0.7/turn               w - ring of poison resistance
MPRegen  0.2/turn               j - ring of protection from magic

@: held, wreathed by umbra
A: unfitting armour, claws 3, fast metabolism 3, gourmand, regeneration 1,
shaggy fur 1, tough skin 2
a: Shadow Step, Renounce Religion


You were on level 8 of the Dungeon.
You worshipped Dithmenos.
Dithmenos was most pleased with you.
You were not hungry.

You visited 1 branch of the dungeon, and saw 8 of its levels.

You collected 329 gold pieces.
You spent 39 gold pieces at shops.

Inventory:

Hand Weapons
 B - a +1 giant spiked club
 C - a +3 morningstar (weapon)
Armour
 b - a +1 robe (worn)
 m - a +2 cloak
Jewellery
 j - a ring of protection from magic (right claw)
 u - an uncursed ring of resist corrosion
 w - a ring of poison resistance (left claw)
 D - an uncursed ring of protection from fire {unknown}
Wands
 a - a wand of polymorph (19/24)
 q - a wand of confusion (30/48)
 y - a wand of acid (13/15)
 z - a wand of paralysis (20/24)
 E - a wand of paralysis (9/24)
Scrolls
 g - 3 scrolls of identify
 i - a scroll of enchant weapon
 k - 4 scrolls of recharging
 n - a scroll of fear
 o - a scroll of amnesia
 p - 2 scrolls of fog
 A - a scroll of remove curse
 F - a scroll of magic mapping
Potions
 d - 4 potions of lignification
 e - 2 potions of agility
 l - a potion of ambrosia {unknown}
 r - 2 potions of heal wounds
 s - 2 potions of flight
 t - a potion of berserk rage
 v - a potion of haste {unknown}
 x - 2 potions of curing {unknown}
Comestibles
 c - 5 bread rations
 f - 5 fruits
 h - 7 meat rations


   Skills:
 - Level 6.4 Fighting
 + Level 12.0 Maces & Flails
 - Level 2.4 Dodging
 - Level 1.0 Stealth


You had 9 spell levels left.
You didn't know any spells.

Dungeon Overview and Level Annotations

Branches:
Dungeon (8/15)             Temple (0/1) D:6
   Lair: D:8-11

Altars:
Ashenzari
Cheibriados
Dithmenos
Hepliaklqana
Makhleb
Nemelex Xobeh
Ru
Sif Muna
Xom

Shops:
D:6 ?


Innate Abilities, Weirdness & Mutations

You are too large for most types of armour.
You have claws for hands.
Your metabolism is lightning-fast.
You like to eat raw meat.
Your natural rate of healing is unusually fast.
You are covered in fur. (AC +1)
You have very tough skin. (AC +2)


Message History

The gnoll closely misses you. The gnoll misses you.
You bludgeon the two-headed ogre!!
You kill the two-headed ogre!
Dithmenos accepts your kill.
Your Maces & Flails skill increases to level 12!
You have reached level 10!
The gnoll barely misses you. The gnoll hits you with a whip.
* * * LOW HITPOINT WARNING * * *
The gnoll throws a throwing net.
The throwing net hits you.
You become entangled in the net!
You see here a throwing net.
You struggle against the net.
You struggle against the net.
You struggle against the net.
The gnoll hits you with a club.
* * * LOW HITPOINT WARNING * * *
The gnoll hits you from afar with a vampiric spear!
* * * LOW HITPOINT WARNING * * *
You struggle against the net.
The gnoll hits you from afar with a spear!
You die...

##.....##
###..## ##...##
### #.## ##+#
..# #.# #.# #.#
#.# #.# #
####.###.# ...
#..g.....#
....##.##.#####
.....g.##@#
#$..ggg.#
#########


You could see 4 gnolls.

Vanquished Creatures
  A two-headed ogre (D:8)
  The ghost of skittles the Conjurer, a novice DrCj of Vehumet (D:7)
  Maurice (D:8)
  2 hippogriffs
  Grinder (D:5)
  Eustachio (D:5)
  A hungry ghost (D:7)
  3 phantoms
  A sky beast (D:8)
  2 orc warriors
  A centaur (D:7)
  2 ogres
  A bullfrog (D:7)
  3 scorpions
  2 wyvern skeletons
  3 wights (D:7)
  2 howler monkeys (D:4)
  3 crimson imps
  3 hounds
  2 jellies
  A bullfrog skeleton (D:6)
  2 orc priests
  2 iguanas
  3 orc wizards
  4 worker ants
  A hound zombie (D:7)
  A hound skeleton (D:8)
  9 adders
  3 shadow imps
  An ooze (D:1)
  An adder skeleton (D:5)
  2 worms
  2 dart slugs
  4 leopard geckos
  17 orcs
  5 giant cockroaches
  A hobgoblin (D:2)
  9 jackals
  2 kobolds (D:1)
  3 quokkas
  2 ball pythons
  4 bats
  2 frilled lizards (D:1)
  6 goblins
  A quokka skeleton (D:7)
  7 rats
131 creatures vanquished.

Notes
Turn   | Place    | Note
-------+----------+-------------------------------------------
     0 | D:1      | wazuzu the Troll Monk began the quest for the Orb.
     0 | D:1      | Reached XP level 1. HP: 22/22 MP: 0/0
   256 | D:1      | Reached XP level 2. HP: 23/29 MP: 1/1
   757 | D:1      | Reached XP level 3. HP: 37/37 MP: 2/2
  1463 | D:3      | Reached XP level 4. HP: 30/48 MP: 3/3
  2081 | D:4      | Reached XP level 5. HP: 19/55 MP: 4/4
  2187 | D:4      | Reached skill level 5 in Fighting
  2396 | D:4      | Reached XP level 6. HP: 36/66 MP: 5/5
  2707 | D:4      | Found a burning altar of Makhleb.
  2718 | D:4      | Reached skill level 3 in Maces & Flails
  2811 | D:4      | Reached XP level 7. HP: 36/76 MP: 6/6
  2973 | D:4      | Reached skill level 4 in Maces & Flails
  3045 | D:5      | Entered Level 5 of the Dungeon
  3126 | D:5      | Found a shattered altar of Ashenzari.
  3182 | D:5      | Found a shadowy altar of Dithmenos.
  3196 | D:5      | Noticed Grinder
  3198 | D:5      | Found a sparkling altar of Nemelex Xobeh.
  3206 | D:5      | Paralysed by Grinder for 5 turns
  3217 | D:5      | Paralysed by Grinder for 2 turns
  3219 | D:5      | Killed Grinder
  3219 | D:5      | Reached skill level 5 in Maces & Flails
  3221 | D:5      | Became a worshipper of Dithmenos the Shadowed
  3221 | D:5      | Reached * piety under Dithmenos
  3221 | D:5      | Reached ** piety under Dithmenos
  3396 | D:5      | Noticed Eustachio
  3402 | D:5      | Killed Eustachio
  3402 | D:5      | Reached skill level 6 in Maces & Flails
  3402 | D:5      | Reached XP level 8. HP: 80/84 MP: 7/7
  3467 | D:5      | Found a sacrificial altar of Ru.
  3471 | D:5      | Found a deep blue altar of Sif Muna.
  4027 | D:6      | Reached skill level 7 in Maces & Flails
  4149 | D:6      | Found Qexkot's Magic Scroll Boutique.
  4155 | D:6      | Bought a scroll of remove curse for 39 gold pieces
  4165 | D:6      | Found a staircase to the Ecumenical Temple.
  4412 | D:6      | Found a snail-covered altar of Cheibriados.
  4468 | D:7      | Reached skill level 8 in Maces & Flails
  4519 | D:7      | Found a shimmering altar of Xom.
  4520 | D:7      | Found a hazy altar of Hepliaklqana.
  4521 | D:7      | Noticed a spectral ugly thing
  4538 | D:7      | Found a snail-covered altar of Cheibriados.
  4575 | D:7      | Noticed skittles's ghost (novice DrCj)
  4605 | D:7      | Killed skittles's ghost
  4605 | D:7      | Reached skill level 9 in Maces & Flails
  4605 | D:7      | Reached XP level 9. HP: 29/92 MP: 8/8
  4771 | D:7      | Found a burning altar of Makhleb.
  4771 | D:7      | Noticed a green death
  4913 | D:7      | Reached skill level 10 in Maces & Flails
  5403 | D:8      | Reached *** piety under Dithmenos
  5835 | D:8      | Reached skill level 11 in Maces & Flails
  6069 | D:8      | Noticed Maurice
  6155 | D:8      | Killed Maurice
  6251 | D:8      | Noticed a two-headed ogre
  6266 | D:8      | Killed a two-headed ogre
  6266 | D:8      | Reached skill level 12 in Maces & Flails
  6266 | D:8      | Reached XP level 10. HP: 18/100 MP: 9/9
  6271 | D:8      | HP: 5/100 [gnoll/vampiric spear (11)]
  6272 | D:8      | Slain by a gnoll

Skill      XL: |  1  2  3  4  5  6  7  8  9 |
---------------+----------------------------+-----
Fighting       | 3 4 5 6 |  6.4
Maces & Flails | 3 6 9 12 | 12.0
Dodging        | |  2.4
Stealth        | |  1.0

Action                   |  1- 3 |  4- 6 |  7- 9 | 10-12 || total
-------------------------+-------+-------+-------+-------++-------
Melee: Unarmed           |    81 |   187 |    23 |       ||   291
       Giant spiked club |       |       |   199 |       ||   199
       Morningstar       |       |       |   105 |       ||   105
  Use: Scroll            |       |       |    18 |       ||    18
       Potion            |       |       |     1 |       ||     1
 Stab: Distracted        |     1 |     1 |       |       ||     2
       Sleeping          |     1 |     1 |     7 |       ||     9
  Eat: Chunk             |    17 |    12 |    29 |       ||    58
       Royal jelly       |       |       |     4 |       ||     4
       Fruit             |       |       |     4 |       ||     4
Armor: Robe              |    35 |    43 |    90 |       ||   168
       Skin              |       |       |    30 |       ||    30
Dodge: Dodged            |    49 |    84 |   199 |     1 ||   333
